 Dungeon Crawl Stone Soup version 0.29.1-12-g30fa7ad0bf (webtiles) character file.

Game seed: 8316380412303196931

176 booth the Sneak (level 5, -3/43 HPs)
             Began as a Gnoll Wanderer on Jan 16, 2023.
             Slain by a black bear (4 damage)
             ... on level 4 of the Dungeon.
             The game lasted 00:18:04 (2615 turns).

booth the Sneak (Gnoll Wanderer)                    Turns: 2615, Time: 00:18:04

Health: -3/43      AC:  6    Str: 14    XL:     5   Next: 56%
Magic:  6/7        EV: 11    Int:  6    God:
Gold:   124        SH:  0    Dex: 14    Spells: 7/7 levels left

rFire   . . .      SeeInvis .   a - +3 falchion
rCold   . . .      Faith    .   (no shield)
rNeg    . . .      Spirit   .   e - +0 leather armour
rPois   .          Reflect  .   (no helmet)
rElec   .          Harm     .   (no cloak)
rCorr   .          Rampage  .   c - +0 pair of gloves
Will    +....                   (no boots)
Stlth   +++.......              (no amulet)
HPRegen 0.14/turn               f - ring of willpower
MPRegen 0.10/turn               (no ring)

@: no status effects
A: fangs 1, strong nose, distributed training, iridescent scales 1, dopey 1
a: no special abilities


You were on level 4 of the Dungeon.
You visited 1 branch of the dungeon, and saw 4 of its levels.

You collected 124 gold pieces.

Inventory:

Hand Weapons
 a - a +3 falchion (weapon)
Missiles
 g - 6 boomerangs (quivered)
 j - a datura-tipped dart
 m - 5 poisoned darts
Armour
 c - a +0 pair of gloves (worn)
 e - a +0 leather armour (worn)
Jewellery
 f - a ring of willpower (left hand)
 q - a +4 ring of slaying
Wands
 s - a wand of acid (10)
Scrolls
 h - a scroll of fog
 i - 2 scrolls of poison
 k - a scroll of magic mapping
 l - a scroll of fear {unknown}
 p - a scroll of brand weapon {unknown}
Potions
 b - 5 potions of curing
 d - 2 potions of brilliance
 n - a potion of mutation
 o - a potion of heal wounds {unknown}
 r - a potion of magic {unknown}


   Skills:
 + Level 4.8 Fighting
 + Level 1.6 Short Blades
 + Level 4.8 Long Blades
 + Level 1.6 Axes
 + Level 1.6 Maces & Flails
 + Level 1.6 Polearms
 + Level 1.6 Staves
 + Level 1.6 Ranged Weapons
 + Level 1.6 Throwing
 + Level 3.0 Armour
 + Level 1.6 Dodging
 + Level 6.2 Stealth
 + Level 1.6 Shields
 + Level 4.8 Unarmed Combat
 + Level 1.6 Spellcasting
 + Level 1.3 Conjurations
 + Level 1.3 Hexes
 + Level 1.3 Summonings
 + Level 1.3 Necromancy
 + Level 1.3 Translocations
 + Level 1.3 Transmutations
 + Level 1.3 Fire Magic
 + Level 1.3 Ice Magic
 + Level 1.3 Air Magic
 + Level 1.3 Earth Magic
 + Level 1.3 Poison Magic
 + Level 1.8 Invocations
 + Level 1.6 Evocations


You had 7 spell levels left.
You didn't know any spells.
Your spell library was empty.

Dungeon Overview and Level Annotations

Branches:
Dungeon (4/15)
 Temple: D:4-7

Altars:
Hepliaklqana
Uskayaw
Lugonu

Portals:
Abyss: D:3

Annotations:
D:3 2 runed translucent doors


Innate Abilities, Weirdness & Mutations

You have very sharp teeth.
Your uncanny sense of smell can sniff out nearby items.
Your experience applies equally to all skills.
You are partially covered in iridescent scales. (AC +2)
You are dopey. (Int -2)


Message History

You barely miss the black bear.
The black bear is severely wounded.
The black bear bites you. The black bear claws you. x2
You hit the black bear.
The black bear is severely wounded.
The black bear closely misses you. The black bear claws you.
The black bear claws you but does no damage.
You completely miss the black bear. Your bite misses the black bear.
The black bear is severely wounded.
The black bear misses you. The black bear barely misses you.
The black bear claws you but does no damage.
The black bear bites you but does no damage.
The black bear misses you.
The black bear claws you but does no damage.
You closely miss the black bear. You punch the black bear.
You bite the black bear, but do no damage.
The black bear is severely wounded.
The black bear goes berserk!
You slash the black bear!
The black bear is almost dead.
The black bear closely misses you.
The black bear claws you but does no damage.
The black bear closely misses you.
You barely miss the black bear.
The black bear is almost dead.
The black bear bites you!
* * * LOW HITPOINT WARNING * * *
The black bear claws you but does no damage. x2
The black bear closely misses you.
The black bear claws you but does no damage.
The black bear claws you.
* * * LOW HITPOINT WARNING * * *
You barely miss the black bear. Your bite misses the black bear.
The black bear is almost dead.
The black bear bites you.
* * * LOW HITPOINT WARNING * * *
The black bear claws you.
* * * LOW HITPOINT WARNING * * *
The black bear claws you.
You die...

..........+ .........#
.........# ∆ ........#
#......# ∆ #......#
#......#. ## #@).((.((
##..#h.....#(
#.....#....#. ##+###
......(##....#...##.....
###..(# #....#..O..<....
##.(###....#..........
##........#...##.....
#........#.. ##+### ∆
........#.


You could see a black bear (berserk, poisoned).

Vanquished Creatures
  An ogre (D:4)
  4 adders
  3 dart slugs
  A worm (D:3)
  An orc (D:3)
  4 ball pythons
  5 endoplasms
  2 giant cockroaches
  2 hobgoblins (D:3)
  6 kobolds
  2 quokkas
  8 bats
  4 frilled lizards
  6 goblins
  3 rats
52 creatures vanquished.

Notes
Turn   | Place    | Note
-------+----------+-------------------------------------------
     0 | D:1      | booth the Gnoll Wanderer began the quest for the Orb.
     0 | D:1      | booth set off with the following items: a +2 falchion, a
                  | potion of curing, a +0 pair of gloves, a potion of
                  | brilliance, a +0 leather armour.
     0 | D:1      | Reached XP level 1. HP: 20/20 MP: 1/1
   229 | D:1      | Reached XP level 2. HP: 26/26 MP: 2/2
   928 | D:2      | Reached skill level 6 in Stealth
   928 | D:2      | Reached XP level 3. HP: 27/31 MP: 2/4
  1042 | D:2      | Reached skill level 1 in Invocations
  1218 | D:2      | Reached skill level 1 in Short Blades
  1218 | D:2      | Reached skill level 1 in Axes
  1218 | D:2      | Reached skill level 1 in Maces & Flails
  1218 | D:2      | Reached skill level 1 in Polearms
  1218 | D:2      | Reached skill level 1 in Staves
  1218 | D:2      | Reached skill level 1 in Ranged Weapons
  1218 | D:2      | Reached skill level 1 in Throwing
  1218 | D:2      | Reached skill level 1 in Dodging
  1218 | D:2      | Reached skill level 1 in Shields
  1218 | D:2      | Reached skill level 1 in Spellcasting
  1218 | D:2      | Reached skill level 1 in Evocations
  1346 | D:2      | Reached XP level 4. HP: 28/38 MP: 5/5
  1595 | D:3      | Found a large runed translucent door.
  1596 | D:3      | Found a large runed translucent door.
  1599 | D:3      | Found a corrupted altar of Lugonu.
  1851 | D:3      | Reached skill level 1 in Conjurations
  1851 | D:3      | Reached skill level 1 in Hexes
  1851 | D:3      | Reached skill level 1 in Summonings
  1851 | D:3      | Reached skill level 1 in Necromancy
  1851 | D:3      | Reached skill level 1 in Translocations
  1851 | D:3      | Reached skill level 1 in Transmutations
  1851 | D:3      | Reached skill level 1 in Fire Magic
  1851 | D:3      | Reached skill level 1 in Ice Magic
  1851 | D:3      | Reached skill level 1 in Air Magic
  1851 | D:3      | Reached skill level 1 in Earth Magic
  1851 | D:3      | Reached skill level 1 in Poison Magic
  2160 | D:3      | Found a one-way gate to the infinite horrors of the Abyss.
  2160 | D:3      | Identified the +1 ring mail "Otturral" {rPois rN++ MP-9}
  2283 | D:3      | Found a hazy altar of Hepliaklqana.
  2314 | D:3      | Found a hide-covered altar of Uskayaw.
  2539 | D:4      | Noticed an ogre
  2589 | D:3      | Gained mutation: You are dopey. (Int -2) [potion of
                  | mutation]
  2589 | D:3      | Gained mutation: Your spells are a little easier to cast,
                  | but a little less powerful. [potion of mutation]
  2589 | D:3      | Lost mutation: Your spells are a little easier to cast, but
                  | a little less powerful. [potion of mutation]
  2589 | D:3      | Gained mutation: You are partially covered in iridescent
                  | scales. (AC +2) [potion of mutation]
  2599 | D:4      | Noticed a black bear
  2600 | D:4      | Killed an ogre
  2601 | D:4      | Reached XP level 5. HP: 39/43 MP: 5/7
  2615 | D:4      | HP: 2/43 [black bear (4)]
  2615 | D:4      | Slain by a black bear

Illustrated notes

Levels and vault maps discovered:
D:1:      sevenhm_arrival_forest_fort_large_4, layout_loops_ring
D:2:      layout_basic, minmay_misc_feat_roman
D:3:      due_chaos_kobolds, layout_loops_ring, mainiacjoe_overflow_swirl,
          minivault_26
D:4:      cheibrodos_barr_body, layout_gridville,
          yredelemnul_forgotten_temple_becter, kennysheep_generic_room_13

Skill      XL: |  1  2  3  4 |
---------------+-------------+-----
Stealth        | 6 |  6.2
Invocations    | 1 |  1.8
Short Blades   | 1 |  1.6
Axes           | 1 |  1.6
Maces & Flails | 1 |  1.6
Polearms       | 1 |  1.6
Staves         | 1 |  1.6
Ranged Weapons | 1 |  1.6
Throwing       | 1 |  1.6
Dodging        | 1 |  1.6
Shields        | 1 |  1.6
Spellcasting   | 1 |  1.6
Evocations     | 1 |  1.6
Conjurations   | 1 |  1.3
Hexes          | 1 |  1.3
Summonings     | 1 |  1.3
Necromancy     | 1 |  1.3
Translocations | 1 |  1.3
Transmutations | 1 |  1.3
Fire Magic     | 1 |  1.3
Ice Magic      | 1 |  1.3
Air Magic      | 1 |  1.3
Earth Magic    | 1 |  1.3
Poison Magic   | 1 |  1.3
Armour         | 3 |  3.0
Fighting       | |  4.8
Long Blades    | |  4.8
Unarmed Combat | |  4.8

Action                   |  1- 3 |  4- 6 || total
-------------------------+-------+-------++-------
Melee: Falchion          |    72 |    46 ||   118
       Bite              |     2 |     4 ||     6
       Punch             |       |     4 ||     4
Throw: Dart              |       |     9 ||     9
  Use: Scroll            |     3 |     2 ||     5
       Potion            |       |     1 ||     1
 Stab: Sleeping          |     7 |     4 ||    11
Armor: Leather armour    |    29 |    16 ||    45
Dodge: Dodged            |    50 |    21 ||    71
